 Dungeon Crawl Stone Soup version 0.24-a0-10-gb84795d (console) character file.

Game seed: 17136745038326048843

4613 Voker57 the Carver (level 10, -10/72 (73) HPs)
             Began as a Demonspawn Gladiator on Jan 31, 2019.
             Was a Follower of Hepliaklqana.
             Shot with an arrow by a centaur warrior (26 damage)
             ... on level 9 of the Dungeon.
             The game lasted 00:11:33 (8915 turns).

Voker57 the Carver (Demonspawn Gladiator)           Turns: 8915, Time: 00:11:34

HP:   -10/72 (73)   AC:  8    Str: 15    XL:     10   Next: 19%
MP:   10/10         EV: 18    Int:  9    God:    Hepliaklqana [*.....]
Gold: 377           SH:  0    Dex: 18    Spells: 9/9 levels left

rFire    . . .     SeeInvis .   a - +1 long sword
rCold    . . .     Gourm    .   (no shield)
rNeg     . . .     Faith    .   m - +0 robe (curse)
rPois    .         Spirit   .   (helmet restricted)
rElec    .         Reflect  .   y - +0 cloak
rCorr    .         Harm     .   t - +0 pair of gloves
MR       .....                  G - +0 pair of boots
Stlth    +++.......             (no amulet)
HPRegen  0.22/turn              (no ring)
MPRegen  0.12/turn              (no ring)

@: no status effects
A: reduced essence, horns 2, molten scales 2, demonic guardian 1, nightstalker 1
a: Recall Ancestor, Ancestor Identity, Renounce Religion


You were on level 9 of the Dungeon.
You worshipped Hepliaklqana.
Hepliaklqana was aware of your devotion.
You were near starving.

You visited 2 branches of the dungeon, and saw 10 of its levels.

You collected 377 gold pieces.

Inventory:

Hand Weapons
 a - a +1 long sword (weapon)
Missiles
 d - 6 throwing nets (quivered)
Armour
 b - a +0 leather armour
 c - a +0 helmet
 m - a cursed +0 robe (worn)
 t - a +0 pair of gloves (worn)
 y - a +0 cloak (worn)
 G - a +0 pair of boots (worn)
Jewellery
 g - a +2 ring of dexterity {unknown}
 k - a cursed amulet of inaccuracy
Wands
 q - a wand of flame (11)
 r - a wand of iceblast (4)
 v - a wand of disintegration (7)
 w - a wand of digging (6)
 z - a wand of paralysis (9)
Scrolls
 e - 9 scrolls of identify
 j - 2 scrolls of enchant weapon
 l - 6 scrolls of remove curse
 p - 2 scrolls of teleportation
 H - 2 scrolls of amnesia
Potions
 i - 2 potions of curing
 o - a potion of brilliance
 s - 2 potions of lignification {unknown}
 u - a potion of heal wounds
 x - a potion of haste
 C - 2 potions of might {unknown}
 D - a potion of berserk rage {unknown}
 E - a potion of resistance {unknown}
 F - a potion of flight
 I - 2 potions of cancellation {unknown}
Comestibles
 f - 17 rations


   Skills:
 + Level 8.7 Fighting
 * Level 11.2 Long Blades
 - Level 1.7 Throwing
 + Level 8.2 Dodging


You had 9 spell levels left.
You didn't know any spells.
Your spell library was empty.

Dungeon Overview and Level Annotations

Branches:
Dungeon (9/15)             Temple (1/1) D:5
   Lair: D:8-11         Orc: D:9-12

Altars:
Ashenzari
Cheibriados
Dithmenos
Elyvilon
Fedhas
Gozag
Hepliaklqana
Kikubaaqudgha
Makhleb
Nemelex Xobeh
Okawaru
Qazlal
Ru
Sif Muna
Trog
Uskayaw
Vehumet
Wu Jian
Xom
Yredelemnul
Zin
The Shining One

Annotations:
D:4 1 runed translucent door


Innate Abilities, Weirdness & Mutations

You have a pair of horns on your head.
You are mostly covered in molten scales. (AC +3)
A weak demonic guardian rushes to your aid.
You are slightly more attuned to the shadows.
Your life essence is reduced to manifest your ancestor. (-10% HP)


Message History

The black bear dies!
You swap places.
A centaur warrior comes into view.
The centaur warrior wields a +0 longbow.
The centaur warrior shoots an arrow.
The arrow barely misses you.
Things that are here:
an arrow; a bullfrog corpse You butcher the bullfrog corpse.
The centaur warrior shoots an arrow.
The arrow completely misses you.
Things that are here:
2 arrows; 4 chunks of flesh; a bullfrog skeleton You swap places.
The centaur warrior shoots an arrow.
The arrow hits your iron imp!!
Your iron imp dies!
The centaur warrior shoots an arrow.
The arrow closely misses you.
You see here an arrow.
You swap places.
The centaur warrior shoots an arrow.
The arrow hits Amenemopet!!
The centaur warrior shoots an arrow.
The arrow barely misses Amenemopet.
The arrow hits you!!
You die...

... #.....#
## #.....#
####[## #c#
#(# #.# #(#
#.# #R# #@#
#.# #.#
######.#
.......######
..........<.#
#############


You could see the friendly Amenemopet the ancestor and a centaur warrior.

Vanquished Creatures
  The ghost of bli the Chopper, an amateur FoAK of Lugonu (D:4)
  A hornet (D:8)
  A hippogriff (D:8)
  A yak (D:9)
  Eustachio (D:5)
  2 porcupines (D:9)
  An orc warrior (D:8)
  2 phantoms
  A necrophage (D:7)
  2 ice beasts
  2 ogres
  A centaur (D:6)
  4 bullfrogs
  A water moccasin zombie (D:6)
  2 scorpions
  A wyvern skeleton (D:8)
  5 crimson imps
  A quasit (D:6)
  3 hounds (D:6)
  4 orc priests
  5 orc wizards
  A bullfrog skeleton (D:9)
  4 worker ants
  An iguana (D:6)
  A killer bee zombie (D:7)
  A hound zombie (D:7)
  2 hound skeletons
  A howler monkey zombie (D:7)
  6 gnolls
  9 adders
  A shadow imp (D:5)
  2 oozes
  An adder zombie (D:8)
  4 worms
  2 dart slugs
  4 leopard geckos
  18 orcs
  2 ball pythons (D:4)
  3 giant cockroaches
  9 goblins
  10 hobgoblins
  10 jackals
  5 quokkas
  A ball python skeleton (D:4)
  8 bats
  4 frilled lizards
  6 kobolds
  2 leopard gecko skeletons
  6 rats
166 creatures vanquished.

Vanquished Creatures (collateral kills)
  Grinder (D:6)
  A hippogriff (D:8)
  3 black bears
  An orc warrior (D:8)
  A centaur (D:7)
  A crocodile (D:7)
  A bullfrog (D:9)
  A crimson imp (D:7)
  A centaur zombie (D:6)
  An orc priest (D:4)
  An orc wizard (D:4)
  2 gnolls (D:2)
  An adder (D:2)
  A river rat (D:4)
  An adder skeleton (D:8)
  6 orcs
  2 jackals (D:6)
  A kobold (D:2)
27 creatures vanquished.

Vanquished Creatures (others)
  An ancestor (D:7)
  3 fungi (D:9)
4 creatures vanquished.

Grand Total: 197 creatures vanquished

Notes
Turn   | Place    | Note
-------+----------+-------------------------------------------
     0 | D:1      | Voker57 the Demonspawn Gladiator began the quest for the
                  | Orb.
     0 | D:1      | Reached XP level 1. HP: 16/16 MP: 1/1
   169 | D:1      | Reached skill level 3 in Long Blades
   173 | D:1      | Gained mutation: A weak demonic guardian rushes to your
                  | aid. [demonic ancestry]
   173 | D:1      | Reached XP level 2. HP: 22/22 MP: 2/2
   323 | D:1      | Found a glowing golden altar of the Shining One.
   765 | D:2      | Gained mutation: You are slightly more attuned to the
                  | shadows. [demonic ancestry]
   765 | D:2      | Reached XP level 3. HP: 13/28 MP: 3/3
  1383 | D:2      | Found a glowing silver altar of Zin.
  1541 | D:2      | Reached XP level 4. HP: 34/34 MP: 4/4
  1907 | D:2      | Reached skill level 4 in Long Blades
  2680 | D:3      | Found a white marble altar of Elyvilon.
  2680 | D:3      | Found an iron altar of Okawaru.
  2680 | D:3      | Found an ornate altar of the Wu Jian Council.
  2685 | D:3      | Gained mutation: You have a pair of small horns on your
                  | head. [demonic ancestry]
  2685 | D:3      | Reached XP level 5. HP: 41/41 MP: 5/5
  3516 | D:4      | Gained mutation: You are partially covered in molten
                  | scales. (AC +2) [demonic ancestry]
  3516 | D:4      | Reached XP level 6. HP: 47/47 MP: 6/6
  3893 | D:4      | Reached skill level 5 in Long Blades
  3940 | D:4      | Found a shimmering altar of Xom.
  4063 | D:4      | Found a runed translucent door.
  4187 | D:4      | Noticed bli's ghost (amateur FoAK)
  4266 | D:4      | Found a runed translucent door.
  4298 | D:4      | Reached skill level 9 in Long Blades
  4298 | D:4      | Gained mutation: You have a pair of horns on your head.
                  | [demonic ancestry]
  4298 | D:4      | Reached XP level 7. HP: 32/60 MP: 7/7
  4305 | D:4      | Killed bli's ghost
  4554 | D:4      | Reached XP level 8. HP: 65/67 MP: 8/8
  4589 | D:5      | Entered Level 5 of the Dungeon
  4598 | D:5      | Found a staircase to the Ecumenical Temple.
  5140 | D:5      | Noticed Eustachio
  5150 | D:5      | Killed Eustachio
  5352 | D:5      | Found a shimmering altar of Xom.
  5353 | D:5      | Found a burning altar of Makhleb.
  5610 | Temple   | Entered the Ecumenical Temple
  5680 | Temple   | Became a worshipper of Hepliaklqana the Forgotten
  5929 | D:6      | Reached skill level 10 in Long Blades
  6042 | D:6      | Found a blossoming altar of Fedhas.
  6347 | D:6      | Gained mutation: You are mostly covered in molten scales.
                  | (AC +3) [demonic ancestry]
  6347 | D:6      | Reached XP level 9. HP: 65/66 MP: 9/9
  6433 | D:6      | Noticed Grinder
  6451 | D:6      | Paralysed by Grinder for 7 turns
  6481 | D:6      | Killed Grinder
  7055 | D:7      | Reached * piety under Hepliaklqana
  7599 | D:8      | Found a shadowy altar of Dithmenos.
  7962 | D:8      | Found a sacrificial altar of Ru.
  8417 | D:8      | Reached XP level 10. HP: 72/72 MP: 10/10
  8424 | D:8      | Reached skill level 11 in Long Blades
  8907 | D:9      | Noticed a centaur warrior
  8915 | D:9      | Shot with an arrow by a centaur warrior

Vault maps used:
D:1:      lemuel_arrival_hallway, tso_metal_star
D:2:      overflow_temple_1_default
D:3:      gammafunk_temple_overflow_claw
D:4:      ebering_ghost_sewer_f, tgw_xom
D:5:      grunt_temple_overflow_champion_of_chaos,
          minmay_temple_entry_stoned_glass, first_ration,
          grunt_decor_resistance, uniq_eustachio
D:6:      lemuel_crystal_altar, uniq_grinder
D:7:      grunt_ogre_cave
D:8:      nicolae_dithmenos_the_darkroom, hangedman_ru_absence,
          serial_park_tiny_2, kennysheep_generic_room_5
D:9:      due_lair_maze_entry_diamond
Temple:   cyrus_circular_temple

Skill      XL: |  1  2  3  4  5  6  7  8  9 10 |
---------------+-------------------------------+-----
Long Blades    | 3 4 9 10 11 | 11.2
Dodging        | 3 7 8 |  8.2
Fighting       | 3 7 8 |  8.7
Throwing       | |  1.7

Action                   |  1- 3 |  4- 6 |  7- 9 | 10-12 || total
-------------------------+-------+-------+-------+-------++-------
Melee: Long sword        |    79 |   128 |   266 |    37 ||   510
       Headbutt          |       |    21 |    73 |    12 ||   106
Throw: Throwing net      |     3 |     3 |       |       ||     6
  Use: Scroll            |     3 |       |       |     7 ||    10
       Potion            |       |     4 |     3 |       ||     7
 Stab: Held in net/web   |     3 |     2 |       |       ||     5
       Sleeping          |       |     8 |    11 |       ||    19
  Eat: Chunk             |     2 |     8 |    13 |     1 ||    24
Armor: Leather armour    |     5 |       |       |       ||     5
       Robe              |     8 |    19 |    77 |     7 ||   111
Dodge: Dodged            |    53 |   110 |   256 |    43 ||   462
       Rpst.: Long sword |    11 |    34 |    60 |    14 ||   119

Table legend:
 A = Non-vault XP
 B = Vault XP
 C = Vault XP percentage of total XP
 D = Non-vault monster count
 E = Vault monster count
 F = Vault count percentage of total count
                 A         B        C        D         E       F
            +---------+---------+-------+---------+---------+-------
      Total |    4330 |    1663 |  27.7 |     171 |      22 |  11.4
            +---------+---------+-------+---------+---------+-------
        D:1 |      30 |       0 |   0.0 |      15 |       0 |   0.0
        D:2 |     133 |       0 |   0.0 |      29 |       0 |   0.0
        D:3 |     154 |       0 |   0.0 |      19 |       0 |   0.0
        D:4 |     293 |     300 |  50.6 |      22 |      10 |  31.2
        D:5 |     202 |     212 |  51.2 |      20 |       2 |   9.1
        D:6 |    1019 |     262 |  20.5 |      28 |       1 |   3.4
        D:7 |     766 |     116 |  13.2 |      13 |       1 |   7.1
        D:8 |    1733 |      52 |   2.9 |      25 |       2 |   7.4
        D:9 |       0 |     721 | 100.0 |       0 |       6 | 100.0
            +---------+---------+-------+---------+---------+-------
